Map: Eternal Empire LE

Players

antagomiR - Winner!

  • Race: Protoss Protoss
  • League: Gold
  • Spawn Location: 7:00

VOD

Have the link to the VOD?

Description

Time

  • Played on: April 21, 2020, 1:32 p.m.
  • Length: 5:06
Show
View Real Time Build Order
Export as new Build Order

antagomiR Protoss - Winner!

Build Orders: 1 Gate Expand 

Get SALT Encoding   

  12  0:03  Probe  
  12  0:15  Probe  
  12  0:20  Pylon  
  12  0:27  Probe  
  12  0:38  Gateway  
  12  0:41  Probe (Chrono Boost)  
  12  0:51  Probe (Chrono Boost)  
  12  0:56  Probe (Chrono Boost)  
  12  0:59  Assimilator  
  12  1:07  Probe  
  12  1:20  Probe  
  12  1:27  Nexus  
  12  1:38  Cybernetics Core  
  12  1:44  Probe, Assimilator  
  12  1:53  Pylon  
  12  2:03  Probe  
  12  2:15  Probe  
  12  2:21  Warp Gate  
  12  2:24  Adept (Chrono Boost)  
  12  2:27  Probe  
  12  2:39  Probe  
  12  2:47  Probe, Robotics Facility  
  12  2:51  Probe  
  12  2:54  Stalker  
  12  3:04  Gateway  
  12  3:07  Gateway  
  12  3:11  Probe x2  
  12  3:23  Probe x2  
  12  3:24  Sentry  
  12  3:35  Probe x2  
  12  3:36  Observer  
  12  3:47  Probe  
  12  3:48  Probe  
  12  3:55  Sentry  
  12  3:59  Probe  
  12  4:00  Probe  
  12  4:10  Assimilator  
  12  4:14  Assimilator  
  12  4:18  Pylon  
  12  4:21  Pylon  
  12  4:36  Probe x2  
  12  4:37  Observer  
  12  4:46  Stalker  
  12  4:47  Stalker  
  12  4:48  Probe  
  12  4:55  Adept  
  12  5:05  Robotics Bay  
Tags
 
Add a new tag
Caveats
  • Supply blocks, unpowered buildings, or Contaminate may cause inaccurate times.
  • Supply counts are checked every 10 seconds.